 Dungeon Crawl Stone Soup version 0.31-a0-187-gba352fbbf7 (webtiles) character file.

Game seed: 5951713629955810990

9135 qw the Markself (level 11, -3/66 HPs)
             Began as a Deep Elf Hunter on June 22, 2023.
             Was an Elder of Okawaru.
             Slain by a vampire (8 damage)
             ... on level 11 of the Dungeon.
             The game lasted 00:04:23 (8645 turns).

qw the Markself (Deep Elf Hunter)                   Turns: 8645, Time: 00:04:24

Health: -3/66      AC: 14    Str: 11    XL:     11   Next: 19%
Magic:  16/16      EV: 24    Int: 14    God:    Okawaru [****..]
Gold:   433        SH:  0    Dex: 28    Spells: 10/10 levels left

rFire   + + .        t - +0 arbalest
rCold   + . .        (shield currently unavailable)
rNeg    + + .        a - +0 ring mail
rPois   .            i - +2 helmet
rElec   .            l - +0 cloak
rCorr   +            f - +2 pair of gloves
SInv    .            o - +0 pair of boots of Loss {rC+ rCorr Slay+5}
Will    +....        (no amulet)
Stlth   ++           r - ring "Qeiv" {Contam rF++ rN++ Dex+6}
HPRegen 0.31/turn    e - +5 ring of evasion
MPRegen 0.15/turn

%: no passive effects
@: no status effects
A: talons 1, agile 1, MP-powered wands
a: Renounce Religion, Heroism, Finesse


You were on level 11 of the Dungeon.
You worshipped Okawaru.
Okawaru was greatly pleased with you.
You visited 1 branch of the dungeon, and saw 11 of its levels.
You also visited: Ossuary.

You collected 694 gold pieces.
You spent 261 gold pieces at shops.


Innate Abilities, Weirdness & Mutations

You have sharp toenails.
You are agile. (Dex +4, Str/Int -1)
You expend magic power (3 MP) to strengthen your wands.


   Skills:
 - Level 6.4 Fighting
 + Level 16.1 Ranged Weapons
 - Level 3.1 Armour
 - Level 10.1 Dodging
 - Level 1.2 Stealth
 + Level 5.2 Invocations


You had 10 spell levels left.
You didn't know any spells.
Your spell library was empty.

Inventory:

Hand Weapons
 t - a +0 arbalest (weapon)
Armour
 a - a +0 ring mail (worn)
 f - a +2 pair of gloves (worn)
 i - a +2 helmet (worn)
 l - a +0 cloak (worn)
 o - the +0 pair of boots of Loss (worn) {rC+ rCorr Slay+5}
   (You acquired it on level 8 of the Dungeon)

   Slay:      It affects your accuracy & damage with ranged weapons and melee
   (+5).
   rC:        It protects you from cold.
   rCorr:     It protects you from acid and corrosion.
Jewellery
 e - a +5 ring of evasion (right hand)
 r - the ring "Qeiv" (left hand) {Contam rF++ rN++ Dex+6}
   (You found it on level 10 of the Dungeon)

   [ring of dexterity]

   Dex:       It affects your dexterity (+6).
   rF:        It greatly protects you from fire.
   rN:        It greatly protects you from negative energy.
   Contam:    It causes magical contamination when unequipped.
Scrolls
 g - 11 scrolls of identify
 n - 2 scrolls of teleportation
Potions
 c - a potion of magic
 d - 5 potions of curing
 h - 2 potions of might
 j - 2 potions of mutation
 k - 6 potions of heal wounds
 m - 4 potions of haste
 p - 2 potions of enlightenment

Dungeon Overview and Level Annotations

Branches:
Dungeon (11/15)            Temple (0/1) D:7            Lair (0/5) D:11
    Orc (0/2) D:10        Ossuary (visited)

Altars:
Cheibriados
Elyvilon
Kikubaaqudgha
Okawaru
Qazlal
Ru
Trog
Uskayaw
Vehumet
Wu Jian
Yredelemnul

Shops:
D:4 ?   D:10 (

Annotations:
D:5 2 transporters


Message History

You hear some strange, mumbled words.
You are confused.
Something closely misses you. Something barely misses you.
You shoot a bolt. Something hits you but does no damage. Something bites you.
You shoot a bolt. Something hits you but does no damage.
Something completely misses you.
You shoot a bolt. Something hits you but does no damage. Something bites you.
You shoot a bolt.
You feel less confused. Something hits you but does no damage.
Something bites you but does no damage. Something completely misses you.
Something bites you!
Something draws strength from your injuries!
You shoot a bolt. Something hits you but does no damage. Something bites you.
You shoot a bolt. Something hits you. Something bites you but does no damage.
You shoot a bolt. Something barely misses you. Something bites you.
Something hits you but does no damage. Something bites you but does no damage.
You shoot a bolt. Something hits you but does no damage.
Something bites you but does no damage.
You shoot a bolt. Something hits you. Something misses you.
You shoot a bolt. Something hits you but does no damage.
Something bites you but does no damage.
You shoot a bolt. Something completely misses you.
Something closely misses you. Something barely misses you.
Something bites you but does no damage.
You shoot a bolt. Something hits you. Something misses you.
You shoot a bolt. Something hits you! Something closely misses you.
You shoot a bolt. Something hits you but does no damage.
Something closely misses you.
You shoot a bolt. Something closely misses you. Something bites you.
Something closely misses you. Something bites you!
You die...

+####.##..#
#......(.....####
#.##..#
#................
###(..#
#...........#####
#.#.# ###.........#
#.. #.#.# #.#...#...#
#.# #.#.#
###.........# #>#
#.#.#
##..........####.#
#.#.#
##.............##.#
#.#.#
#.@....#~##....##.#
#.#
#................#.#
#.#
##...#.#.....#.....#
#.....###%###.......
#......#?..###.#...#
......#........#..##
##..#.....>..).......
#..#..#...........##
)..###...###.#...#


There were no monsters in sight!

Vanquished Creatures
  A cyclops (D:11)
  A rime drake (D:11)
  Sigmund (D:3)
  4 wraiths
  16 yaks
  A warg (D:10)
  A steam dragon (D:8)
  An acid dragon (D:8)
  3 sky beasts (D:7)
  2 ice beasts (D:11)
  8 orc warriors
  A black bear (D:5)
  An ogre (D:4)
  4 centaurs
  3 wolves (D:11)
  Blork the orc (D:6)
  2 gnoll sergeants
  4 bullfrogs
  3 scorpions
  8 wights (D:9)
  A water moccasin zombie (Ossuary)
  4 killer bees (D:9)
  11 howler monkeys
  4 jellies
  A lava snake (D:8)
  4 hounds
  7 orc priests
  A gnoll bouda (D:7)
  6 iguanas
  2 sleepcaps
  15 orc wizards
  2 mummies (Ossuary)
  Robin (D:2)
  19 gnolls
  3 adders
  A white imp (D:5)
  6 adder zombies (Ossuary)
  A worm (D:3)
  3 dart slugs
  53 orcs
  12 endoplasms
  2 giant cockroaches
  12 goblins
  10 hobgoblins
  3 jackals (D:2)
  15 kobolds
  4 quokkas
  2 ball pythons
  4 bats
  A frilled lizard (D:1)
  5 gnoll zombies (Ossuary)
  7 hobgoblin zombies (Ossuary)
  4 kobold zombies (Ossuary)
  5 orc zombies (Ossuary)
  5 rats
302 creatures vanquished.

Notes
Turn   | Place    | Note
-------+----------+-------------------------------------------
     0 | D:1      | qw the Deep Elf Hunter began the quest for the Orb.
     0 | D:1      | Reached XP level 1. HP: 12/12 MP: 3/3
     0 | D:1      | 0 ||| qw: Version: 0.3-a-9-g12657ce
     0 | D:1      | 0 ||| qw: Game counter: 2534
     0 | D:1      | 0 ||| qw: Always use a shield: true
     0 | D:1      | 0 ||| qw: God list: Okawaru
     0 | D:1      | 0 ||| qw: Allow faded altars: false
     0 | D:1      | 0 ||| qw: Do Orc after D:15 true
     0 | D:1      | 0 ||| qw: Do second Lair branch before Depths: true
     0 | D:1      | 0 ||| qw: Lair rune preference: random
     0 | D:1      | 0 ||| qw: Plans: Normal
     0 | D:1      | 0 ||| PLANNING D:1-11
   308 | D:1      | Reached XP level 2. HP: 16/16 MP: 4/4
   364 | D:1      | Reached skill level 6 in Ranged Weapons
   412 | D:1      | Found a faded altar of an unknown god.
   593 | D:1      | 593 ||| UPGRADING to +2 pair of gloves.
   598 | D:1      | 598 ||| READING scroll labelled YGEMUSI JEAXUNK.
   599 | D:1      | 599 ||| READING scroll labelled INATZY QYTWIDD.
   604 | D:1      | 604 ||| DRINKING 2 brown potions.
   605 | D:1      | 605 ||| DROPPING scroll of butterflies.
   914 | D:2      | Reached XP level 3. HP: 20/20 MP: 5/5
   917 | D:2      | Noticed Robin
   926 | D:2      | Killed Robin
   927 | D:2      | Reached skill level 7 in Ranged Weapons
  1197 | D:2      | 1197 ||| STAIRDANCE
  1223 | D:1      | 1223 ||| UPGRADING to +0 ring mail.
  1233 | D:1      | 1233 ||| DROPPING +0 leather armour.
  1234 | D:1      | 1234 ||| UPGRADING to +0 helmet.
  1239 | D:1      | 1239 ||| UPGRADING to +0 pair of boots.
  1244 | D:1      | 1244 ||| UPGRADING to +4 ring of protection.
  1245 | D:1      | 1245 ||| READING scroll labelled YMUD ZAENIRHI.
  1246 | D:1      | 1246 ||| READING scroll labelled ARPHEI KE KIKA.
  1247 | D:1      | 1247 ||| DRINKING 2 cyan potions.
  1247 | D:1      | Gained mutation: You have sharp toenails. [potion of
                  | mutation]
  1247 | D:1      | Gained mutation: You are agile. (Dex +4, Str/Int -1)
                  | [potion of mutation]
  1247 | D:1      | Gained mutation: You expend magic power (3 MP) to
                  | strengthen your wands. [potion of mutation]
  1248 | D:1      | 1248 ||| READING 3 scrolls of identify.
  1248 | D:1      | 1248 ||| IDENTIFYING silvery potion
  1249 | D:1      | 1249 ||| READING 2 scrolls of identify.
  1249 | D:1      | 1249 ||| IDENTIFYING metallic emerald potion
  1300 | D:2      | Reached XP level 4. HP: 25/25 MP: 6/6
  1349 | D:2      | Reached skill level 8 in Ranged Weapons
  1360 | D:2      | Reached skill level 1 in Armour
  1360 | D:2      | Reached XP level 5. HP: 29/29 MP: 7/7
  1814 | D:3      | Reached skill level 9 in Ranged Weapons
  1995 | D:3      | Found a radiant altar of Vehumet.
  2253 | D:3      | Noticed Sigmund
  2268 | D:3      | Killed Sigmund
  2269 | D:3      | Reached skill level 3 in Fighting
  2269 | D:3      | Reached XP level 6. HP: 25/37 MP: 8/8
  2450 | D:3      | 2450 ||| READING scroll labelled PAFOG OBUE.
  2451 | D:3      | 2451 ||| READING scroll labelled HUMIKAHORE.
  2452 | D:3      | 2452 ||| READING scroll labelled NUALUR FECRI.
  2453 | D:3      | 2453 ||| READING 3 scrolls of identify.
  2453 | D:3      | 2453 ||| IDENTIFYING metallic cyan potion
  2454 | D:3      | 2454 ||| READING 2 scrolls of identify.
  2454 | D:3      | 2454 ||| IDENTIFYING emerald potion
  2455 | D:3      | 2455 ||| DROPPING potion of brilliance.
  2486 | D:4      | 2486 ||| PLANNING OSSUARY
  2493 | D:4      | Reached skill level 3 in Dodging
  2528 | D:4      | Reached XP level 7. HP: 39/41 MP: 9/9
  2585 | D:4      | Found Ubapt's Magic Scroll Boutique.
  2602 | D:4      | 2602 ||| BUYING scroll of enchant weapon (105 gold).
  2602 | D:4      | Bought a scroll of enchant weapon for 105 gold pieces
  2602 | D:4      | 2602 ||| BUYING scroll of identify (28 gold).
  2602 | D:4      | Bought a scroll of identify for 28 gold pieces
  2602 | D:4      | 2602 ||| BUYING scroll of identify (28 gold).
  2602 | D:4      | Bought a scroll of identify for 28 gold pieces
  2602 | D:4      | 2602 ||| BUYING scroll of identify (28 gold).
  2602 | D:4      | Bought a scroll of identify for 28 gold pieces
  2602 | D:4      | 2602 ||| SHOPLISTING scroll of teleportation (42 gold, have
                  | 34).
  2602 | D:4      | 2602 ||| READING scroll of enchant weapon.
  2602 | D:4      | 2602 ||| ENCHANTING +0 shortbow.
  2722 | D:4      | 2722 ||| FLEEEEING.
  2752 | D:4      | 2752 ||| FLEEEEING.
  2835 | D:4      | Found a white marble altar of Elyvilon.
  2836 | D:4      | 2836 ||| Stepping ~*~*~tactically~*~*~ (outnumbered).
  2845 | D:4      | Reached skill level 10 in Ranged Weapons
  2851 | D:4      | 2851 ||| DRINKING 3 potions of curing.
  2851 | D:4      | 2851 ||| (to cure confusion)
  2902 | D:4      | Found an ancient bone altar of Kikubaaqudgha.
  2916 | D:4      | Found a stormy altar of Qazlal.
  2919 | D:4      | Found a snail-covered altar of Cheibriados.
  3030 | D:4      | Identified the +6 chain mail "Piossesaas" {rC+ Regen+ Str+3
                  | Int+2}
  3100 | D:4      | Found a sand-covered staircase.
  3101 | D:4      | 3101 ||| UPGRADING to +5 ring of evasion.
  3102 | D:4      | 3102 ||| READING scroll labelled NEWKAM SEHALIL.
  3107 | Ossuary  | Entered an ossuary
  3298 | Ossuary  | 3298 ||| DRINKING 2 smoky green potions.
  3321 | Ossuary  | 3321 ||| DRINKING 2 inky potions.
  3322 | Ossuary  | 3322 ||| DRINKING 5 potions of curing.
  3322 | Ossuary  | 3322 ||| (to cure confusion)
  3323 | Ossuary  | 3323 ||| READING 4 scrolls of identify.
  3323 | Ossuary  | 3323 ||| IDENTIFYING fizzy grey potion
  3324 | Ossuary  | 3324 ||| READING 3 scrolls of identify.
  3324 | Ossuary  | 3324 ||| IDENTIFYING fuming blue potion
  3325 | Ossuary  | 3325 ||| DROPPING potion of lignification.
  3326 | Ossuary  | 3326 ||| DROPPING potion of degeneration.
  3327 | Ossuary  | 3327 ||| DROPPING potion of ambrosia.
  3336 | D:4      | 3336 ||| PLANNING D:1-11
  3430 | D:4      | 3430 ||| READING scroll labelled GUORELOSEE.
  3432 | D:4      | 3432 ||| Stepping ~*~*~tactically~*~*~ (cloud).
  3551 | D:5      | Entered Level 5 of the Dungeon
  3554 | D:5      | Found an iron altar of Okawaru.
  3555 | D:5      | 3555 ||| PLANNING OKAWARU WORSHIP
  3575 | D:5      | Reached skill level 11 in Ranged Weapons
  3578 | D:5      | 3578 ||| READING scroll of enchant armour.
  3578 | D:5      | 3578 ||| ENCHANTING +0 helmet.
  3619 | D:5      | Found a transporter.
  3619 | D:5      | Found a basalt altar of Yredelemnul.
  3619 | D:5      | Noticed a wyvern
  3650 | D:5      | Became a worshipper of Warmaster Okawaru
  3651 | D:5      | 3651 ||| PLANNING D:1-11
  3694 | D:5      | Reached XP level 8. HP: 45/46 MP: 10/10
  3804 | D:5      | Reached skill level 12 in Ranged Weapons
  3813 | D:5      | 3813 ||| FLEEEEING.
  3814 | D:5      | 3814 ||| FLEEEEING.
  3984 | D:5      | Found a hide-covered altar of Uskayaw.
  3985 | D:5      | Found a bloodstained altar of Trog.
  4044 | D:5      | Found a transporter.
  4298 | D:5      | 4298 ||| READING scroll labelled CEMIACK TAHOU.
  4366 | D:6      | Reached * piety under Okawaru
  4367 | D:6      | Reached skill level 13 in Ranged Weapons
  4367 | D:6      | 4367 ||| INVOKING Heroism.
  4484 | D:6      | Noticed Blork the orc
  4495 | D:6      | Killed Blork the orc
  4558 | D:6      | 4558 ||| READING scroll of enchant weapon.
  4558 | D:6      | 4558 ||| ENCHANTING +1 shortbow.
  4949 | D:6      | 4949 ||| DROPPING +6 ring of intelligence.
  4950 | D:6      | 4950 ||| READING scroll labelled KIRINU INIRO.
  5032 | D:6      | 5032 ||| READING scroll labelled NAMUNK UNEBIOD.
  5033 | D:6      | 5033 ||| READING scroll labelled KIMUBR ECZE.
  5034 | D:6      | 5034 ||| READING 3 scrolls of identify.
  5034 | D:6      | 5034 ||| IDENTIFYING lumpy pink potion
  5180 | D:7      | Reached skill level 14 in Ranged Weapons
  5180 | D:7      | Reached skill level 1 in Invocations
  5184 | D:7      | Reached XP level 9. HP: 51/51 MP: 10/12
  5254 | D:7      | 5254 ||| READING scroll of brand weapon.
  5254 | D:7      | 5254 ||| BRANDING +2 shortbow of freezing.
  5332 | D:7      | 5332 ||| INVOKING Heroism.
  5380 | D:7      | 5380 ||| INVOKING Heroism.
  5398 | D:7      | Reached skill level 3 in Invocations
  5437 | D:7      | Reached skill level 6 in Dodging
  5467 | D:7      | Identified the +3 mace of the Undead {speed, Str+6 Dex-2}
  5634 | D:7      | Found a staircase to the Ecumenical Temple.
  5671 | D:7      | Found an ornate altar of the Wu Jian Council.
  5863 | D:8      | 5863 ||| Stepping ~*~*~tactically~*~*~ (outnumbered).
  5865 | D:8      | 5865 ||| Stepping ~*~*~tactically~*~*~ (outnumbered).
  5868 | D:8      | 5868 ||| Stepping ~*~*~tactically~*~*~ (outnumbered).
  5874 | D:8      | 5874 ||| Stepping ~*~*~tactically~*~*~ (outnumbered).
  5875 | D:8      | 5875 ||| Stepping ~*~*~tactically~*~*~ (outnumbered).
  5937 | D:8      | 5937 ||| INVOKING Heroism.
  6025 | D:8      | 6025 ||| INVOKING Heroism.
  6136 | D:8      | 6136 ||| INVOKING Heroism.
  6166 | D:8      | 6166 ||| READING scroll labelled SOANIL QEGA.
  6166 | D:8      | Identified a scroll of acquirement
  6166 | D:8      | 6166 ||| ACQUIRING +0 pair of boots of Loss {rC+ rCorr
                  | Slay+5}
  6166 | D:8      | Acquired the +0 pair of boots of Loss {rC+ rCorr Slay+5}
  6168 | D:8      | 6168 ||| UPGRADING to +0 pair of boots of Loss {rC+ rCorr
                  | Slay+5}.
  6178 | D:8      | 6178 ||| DROPPING +0 pair of boots.
  6188 | D:7      | 6188 ||| Stepping randomly (stuck).
  6655 | D:8      | 6655 ||| READING 6 scrolls of identify.
  6655 | D:8      | 6655 ||| IDENTIFYING blue potion
  6656 | D:8      | 6656 ||| DROPPING potion of berserk rage.
  6689 | D:9      | 6689 ||| INVOKING Heroism.
  6704 | D:9      | Reached ** piety under Okawaru
  6834 | D:9      | 6834 ||| INVOKING Heroism.
  6865 | D:9      | Reached skill level 3 in Armour
  6865 | D:9      | Reached XP level 10. HP: 59/59 MP: 15/15
  6883 | D:9      | 6883 ||| INVOKING Heroism.
  6888 | D:9      | Reached skill level 9 in Dodging
  6902 | D:9      | Reached *** piety under Okawaru
  7017 | D:9      | 7017 ||| READING scroll of enchant weapon.
  7017 | D:9      | 7017 ||| ENCHANTING +2 shortbow of draining.
  7073 | D:9      | 7073 ||| READING scroll of enchant armour.
  7073 | D:9      | 7073 ||| ENCHANTING +1 helmet.
  7197 | D:9      | 7197 ||| INVOKING Heroism.
  7203 | D:9      | Reached skill level 6 in Fighting
  7289 | D:9      | Found a sacrificial altar of Ru.
  7415 | D:9      | 7415 ||| DROPPING ring of ice.
  7416 | D:9      | 7416 ||| READING scroll labelled GUODAD TUSEARA.
  7428 | D:10     | Entered Level 10 of the Dungeon
  7444 | D:10     | 7444 ||| Stepping ~*~*~tactically~*~*~ (outnumbered).
  7445 | D:10     | 7445 ||| Stepping ~*~*~tactically~*~*~ (outnumbered).
  7655 | D:10     | Identified the ring "Qeiv" {Contam rF++ rN++ Dex+6}
  7697 | D:10     | 7697 ||| INVOKING Heroism.
  7756 | D:10     | 7756 ||| SWAPPING to +0 orcbow.
  7758 | D:10     | 7758 ||| DROPPING +3 shortbow of draining.
  7764 | D:10     | 7764 ||| Stepping ~*~*~tactically~*~*~ (outnumbered).
  7835 | D:10     | Found a staircase to the Orcish Mines.
  7861 | D:10     | 7861 ||| INVOKING Heroism.
  7904 | D:10     | 7904 ||| INVOKING Heroism.
  7905 | D:10     | 7905 ||| Stepping ~*~*~tactically~*~*~ (outnumbered).
  7969 | D:10     | Found Vuss's Weapon Boutique.
  7974 | D:10     | 7974 ||| BUYING +0 arbalest (72 gold).
  7974 | D:10     | Bought a +0 arbalest for 72 gold pieces
  7974 | D:10     | 7974 ||| SWAPPING to +0 arbalest.
  7975 | D:10     | 7975 ||| DROPPING +0 orcbow.
  8260 | D:10     | 8260 ||| UPGRADING to +0 cloak.
  8265 | D:10     | 8265 ||| DROPPING +2 robe of willpower.
  8266 | D:10     | 8266 ||| UPGRADING to ring "Qeiv" {Contam rF++ rN++ Dex+6}.
  8268 | D:10     | 8268 ||| DROPPING +4 ring of protection.
  8324 | D:11     | Reached skill level 15 in Ranged Weapons
  8326 | D:11     | 8326 ||| INVOKING Heroism.
  8341 | D:11     | Reached **** piety under Okawaru
  8345 | D:11     | Reached XP level 11. HP: 66/66 MP: 16/16
  8355 | D:11     | 8355 ||| INVOKING Heroism.
  8389 | D:11     | 8389 ||| Stepping ~*~*~tactically~*~*~ (outnumbered).
  8392 | D:11     | 8392 ||| Stepping ~*~*~tactically~*~*~ (outnumbered).
  8397 | D:11     | Reached skill level 16 in Ranged Weapons
  8450 | D:11     | Found a staircase to the Lair.
  8643 | D:11     | HP: 8/66 [something (10)]
  8645 | D:11     | Slain by a vampire

Levels and vault maps discovered:
D:1:      minmay_arrival_four_houses, layout_basic,
          shapermc_ecumenical_altar_flowoftime
D:2:      cheibrodos_fertilizer, layout_loops_corners, uniq_robin
D:3:      layout_basic, lemuel_doored_altar, uniq_sigmund
D:4:      layout_cave_pools, grunt_temple_overflow_cloverleaf, serial_shops,
          shop, nicolae_ossuary_entry_false_entrances
D:5:      layout_loops_ring, gammafunk_temple_overflow_arena,
          mainiacjoe_overflow_catwalk, gammafunk_temple_overflow_statue
D:6:      layout_cave_pools, chequers_avenue, nicolae_elevator_lobby_plus,
          uniq_blork_the_orc
D:7:      layout_loops_ring, nicolae_wu_jian_glorious_leap,
          minmay_temple_entry_from_below_a
D:8:      layout_loops_cross, kennysheep_pointless_box
D:9:      layout_small_grid, general_overflow_altar
D:10:     layout_irregular_city, david_orc_1_choice, serial_shops,
          nicolae_shop_hallway_stairs, st_stairs_14, hive_lemuel
D:11:     layout_loops_ring, hellmonk_lair_entry_icy,
          hellmonk_guarded_unrand_gong

Skill      XL: |  1  2  3  4  5  6  7  8  9 10 11 |
---------------+----------------------------------+-----
Ranged Weapons | 6 7 8 9 11 14 15 16 | 16.1
Armour         | 1 3 |  3.1
Fighting       | 3 5 6 |  6.4
Dodging        | 3 4 5 8 10 | 10.1
Invocations    | 1 4 5 |  5.2
Stealth        | |  1.2

Action                     |  1- 3 |  4- 6 |  7- 9 | 10-12 || total
---------------------------+-------+-------+-------+-------++-------
   Fire: Shortbow          |    93 |   167 |   529 |   122 ||   911
         Orcbow            |       |       |       |    44 ||    44
         Arbalest          |       |       |       |   108 ||   108
 Invoke: Heroism           |       |       |     8 |     7 ||    15
    Use: Scroll            |     6 |     5 |    15 |     3 ||    29
         Potion            |     2 |       |     4 |       ||     6
 Armour: Leather armour    |     2 |       |       |       ||     2
         Ring mail         |     5 |    44 |    65 |    55 ||   169
  Dodge: Dodged            |    22 |    40 |   141 |   161 ||   364

Table legend:
 A = Non-vault XP
 B = Vault XP
 C = Vault XP percentage of total XP
 D = Non-vault monster count
 E = Vault monster count
 F = Vault count percentage of total count
                 A         B        C        D         E       F
            +---------+---------+-------+---------+---------+-------
      Total |   10932 |    2118 |  16.2 |     224 |      78 |  25.8
            +---------+---------+-------+---------+---------+-------
        D:1 |      16 |       0 |   0.0 |      11 |       0 |   0.0
        D:2 |      46 |     158 |  77.5 |      17 |      31 |  64.6
        D:3 |     147 |     243 |  62.3 |      24 |       1 |   4.0
        D:4 |     460 |       0 |   0.0 |      18 |       0 |   0.0
        D:5 |     719 |       0 |   0.0 |      30 |       0 |   0.0
        D:6 |     436 |      90 |  17.1 |       9 |       1 |  10.0
        D:7 |    1191 |       0 |   0.0 |      24 |       0 |   0.0
        D:8 |     776 |       0 |   0.0 |      18 |       0 |   0.0
        D:9 |    3074 |       0 |   0.0 |      39 |       0 |   0.0
       D:10 |    1681 |     516 |  23.5 |      18 |       9 |  33.3
       D:11 |    2386 |     943 |  28.3 |      16 |       6 |  27.3
    Ossuary |       0 |     168 | 100.0 |       0 |      30 | 100.0
            +---------+---------+-------+---------+---------+-------
